AoeStats
← Changretta

Nomad

505720549Analyzed
2v2 RM · 21d ago on Sep 10, 2026· 100m 56s· 4 players
Game mode
Random Map
Map size
176×176
Population
200
Speed
Normal
Resources
Standard
Victory
Conquest
Starting age
Dark Age
Ending age
Imperial Age
RankedLock teamsTeams togetherTeam positionsShared explorationLock speedFull tech treeHidden civsTurbo modeCheats
Victory
Defeat
🇬🇧 Koreans · United Kingdom
733
+16
🇬🇧 Berbers · United Kingdom
720
+18
🇦🇷 Huns · Argentina
744
-17
🇦🇷 Celts · Argentina
739
-17
GreenShell94
6:43 Loom
15:08 Feudal Age
16:54 Wheelbarrow
16:07 Double-Bit Axe
16:09 Horse Collar
17:29 Gold Mining
19:37 Town Watch
19:49 Stone Mining
22:02 Fletching
24:24 Castle Age
22:38 Fishing Lines
25:40 Heavy Plow
25:55 Bow Saw
25:46 Gillnets
27:58 Hand Cart
33:58 Bodkin Arrow
34:46 Scale Mail Armor
34:57 Forging
35:20 Pikeman
36:01 Squires
36:15 Thumb Ring
35:31 Crossbowman
40:10 Imperial Age
39:21 Iron Casting
39:42 Elite Skirmisher
43:16 Murder Holes
43:42 Ballistics
50:07 Chemistry
53:03 Bracer
62:04 Conscription
62:23 Elite Cannon Galleon
83:18 Scale Barding Armor
84:32 Husbandry
83:53 Light Cavalry
91:49 Spies/Treason
LoneRanger1994
6:43 Loom
15:02 Feudal Age
16:01 Horse Collar
18:11 Wheelbarrow
19:16 Double-Bit Axe
22:17 Castle Age
23:00 Light Cavalry
23:53 Bloodlines
23:44 Husbandry
23:54 Scale Barding Armor
24:00 Forging
24:19 Hand Cart
25:42 Bow Saw
25:38 Heavy Plow
26:18 Stone Mining
26:19 Gold Mining
33:27 Imperial Age
31:46 Medium Warships
31:21 Fishing Lines
32:12 Chain Barding Armor
31:44 Fletching
31:55 Padded Archer Armor
35:21 Iron Casting
35:22 Plate Barding Armor
34:13 Heavy Camel Rider
36:59 Crop Rotation
37:12 Gold Shaft Mining
39:57 Chemistry
39:36 Conscription
42:48 Blast Furnace
41:35 Hussar
43:24 Town Watch
46:41 Bodkin Arrow
47:02 Leather Archer Armor
60:25 Elite Camel Archer
64:51 Bracer
65:22 Ring Archer Armor
65:21 Thumb Ring
64:43 Elite Genitour
68:52 Maghrebi Camels
69:39 Ballistics
81:06 Fortified Wall
81:02 Siege Engineers
86:10 Spies/Treason
El Beto 912
13:23 Loom
16:18 Feudal Age
29:42 Castle Age
31:17 Caravan
31:26 Double-Bit Axe
40:42 Bow Saw
44:50 Wheelbarrow
44:35 Husbandry
44:49 Bloodlines
46:08 Bloodlines
48:47 Scale Barding Armor
48:43 Scale Mail Armor
49:30 Hand Cart
53:52 Imperial Age
51:07 Horse Collar
54:03 Cavalier
61:14 Chain Barding Armor
60:48 Elite Tarkan
68:42 Gold Mining
68:42 Stone Mining
68:55 Heavy Plow
70:00 Two-Man Saw
70:20 Paladin
71:45 Town Watch
Changretta
12:21 Loom
14:23 Feudal Age
15:43 Fishing Lines
17:01 Double-Bit Axe
20:46 Horse Collar
23:54 Castle Age
24:03 Arson
24:32 Forging
24:23 Scale Mail Armor
26:06 Heavy Plow
26:44 Iron Casting
26:24 Chain Mail Armor
26:49 Wheelbarrow
29:02 Hand Cart
30:44 Gillnets
36:33 Imperial Age
35:51 Stronghold
37:11 Elite Woad Raider
38:06 Furor Celtica
40:13 Chemistry
39:34 Ballistics
41:56 Blast Furnace
41:26 Plate Mail Armor
41:39 Gambesons
76:18 Onager
Connection lost

Rejoining the realm…

Still unreachable

The connection could not be restored.

Session expired

The server has moved on; the page needs a fresh start.